TOP OF THE 1ST |
---|
Pensacola Pilots batting - Pitching for Savannah Hogs : LHP Martín Marino | Pitching: LHP Martín Marino | | Batting: SHB Ron Winston | 0-0: Fly out, F9 (Flyball, 9) | Batting: RHB Tony Pulla | 0-0: Ball 1-0: Ball 2-0: Ball 3-0: Base on Balls | Batting: RHB Brandon Townsley | 0-0: Ball 1-0: SINGLE (Line Drive, 9S) Tony Pulla to second Runner from 2nd tries for 3rd, SAFE, no throw | Batting: RHB Jesús Sánchez | 0-0: Ball Brandon Townsley is caught stealing 2nd base 1-0: Fly out, F5 (Flyball, 56D) | Top of the 1st over - 0 runs, 1 hit, 0 errors, 1 left on base; Pensacola 0 - Savannah 0 | BOTTOM OF THE 1ST |
---|
Savannah Hogs batting - Pitching for Pensacola Pilots : RHP Rubén Rocha | Pitching: RHP Rubén Rocha | | Batting: LHB Alberto Castellanos | 0-0: TRIPLE (Line Drive, 89XD) | Batting: RHB Guillermo González | 0-0: Ground out 5-3 (Groundball, 56S) Alberto Castellanos scores | Batting: LHB Marv Gardner | 0-0: Called Strike 0-1: Ball 1-1: Swinging Strike 1-2: Ball 2-2: Foul Ball, location: 2F 2-2: SINGLE (Line Drive, 9S) | Batting: LHB António Gutiérrez | 0-0: Ball 1-0: Ball 2-0: Ball 3-0: Called Strike 3-1: Base on Balls Marv Gardner to second | Batting: SHB Juan Chávez | 0-0: Foul Ball, location: 2F 0-1: Called Strike 0-2: Foul Ball, location: 2F 0-2: Fly out, F9 (Flyball, 89D) | Batting: RHB Miguel Cervantes | 0-0: Ball 1-0: Called Strike 1-1: 3-RUN HOME RUN (Flyball, 9LD), Distance : 363 ft | Batting: RHB Pedro Sandoval | 0-0: Called Strike 0-1: Ball 1-1: Foul Ball, location: 2F 1-2: Ball 2-2: DOUBLE (Line Drive, 7LM) | Batting: RHB Rick Holman | 0-0: DOUBLE (Flyball, 8RD) Pedro Sandoval scores | Batting: RHB Júlio Contreras | 0-0: Ball Wild Pitch! Rick Holman to third 1-0: Ball 2-0: Foul Ball, location: 2F 2-1: Called Strike 2-2: SINGLE (Line Drive, 9LS) Rick Holman scores | Batting: LHB Alberto Castellanos | 0-0: Foul Ball, location: 2F 0-1: Ball 1-1: Ball 2-1: Foul Ball, location: 2F 2-2: Foul Ball, location: 2F 2-2: Foul Ball, location: 2F 2-2: Foul Ball, location: 2F 2-2: Strikes out swinging | Bottom of the 1st over - 6 runs, 6 hits, 0 errors, 1 left on base; Pensacola 0 - Savannah 6 | TOP OF THE 2ND |
---|
Pensacola Pilots batting - Pitching for Savannah Hogs : LHP Martín Marino | Batting: RHB Melvin Johnstone | 0-0: SINGLE (Groundball, 4D) | Batting: RHB Jonny Lord | 0-0: Ball 1-0: Called Strike 1-1: Grounds into double play, 5-4-3 (Groundball, 56) | Batting: RHB Robert Rose | 0-0: Ground out 4-3 (Groundball, 4S) | Top of the 2nd over - 0 runs, 1 hit, 0 errors, 0 left on base; Pensacola 0 - Savannah 6 | BOTTOM OF THE 2ND |
---|
Savannah Hogs batting - Pitching for Pensacola Pilots : RHP Rubén Rocha | Batting: RHB Guillermo González | 0-0: Fly out, F6 (Line Drive, 56D) | Batting: LHB Marv Gardner | 0-0: Ball 1-0: Ball 2-0: Ball 3-0: Base on Balls | Batting: LHB António Gutiérrez | 0-0: Ball 1-0: Foul Ball, location: 2F 1-1: Foul Ball, location: 2F 1-2: DOUBLE (Flyball, 8RXD) Marv Gardner to third | Batting: SHB Juan Chávez | 0-0: Foul Ball, location: 2F 0-1: Ball 1-1: Ground out 5-3 (Groundball, 56S) Marv Gardner scores António Gutiérrez to third | Batting: RHB Miguel Cervantes | 0-0: Ball 1-0: Ball 2-0: Ball 3-0: Called Strike 3-1: Foul Ball, location: 2F 3-2: Base on Balls | Batting: RHB Pedro Sandoval | 0-0: Foul Ball, location: 2F 0-1: Called Strike 0-2: Foul Ball, location: 2F 0-2: Fielders Choice at 2nd, 6-4 (Groundball, 6) | Bottom of the 2nd over - 1 run, 1 hit, 0 errors, 2 left on base; Pensacola 0 - Savannah 7 | TOP OF THE 3RD |
---|
Pensacola Pilots batting - Pitching for Savannah Hogs : LHP Martín Marino | Batting: LHB Freddy Torres | 0-0: Fly out, F7 (Flyball, 7S) | Batting: RHB Carson Allen | 0-0: Ball 1-0: Foul Ball, location: 2F 1-1: Ball 2-1: Ball 3-1: Fly out, F7 (Flyball, 7D) | Batting: SHB Ron Winston | 0-0: Called Strike 0-1: Ball 1-1: Called Strike 1-2: Fly out, F9 (Line Drive, 9) | Top of the 3rd over - 0 runs, 0 hits, 0 errors, 0 left on base; Pensacola 0 - Savannah 7 | BOTTOM OF THE 3RD |
---|
Savannah Hogs batting - Pitching for Pensacola Pilots : RHP Rubén Rocha | Batting: RHB Rick Holman | 0-0: Ball 1-0: Ball 2-0: Foul Ball, location: 2F 2-1: Called Strike 2-2: Fly out, F8 (Flyball, 8LS) | Batting: RHB Júlio Contreras | 0-0: Ball 1-0: Foul Ball, location: 2F 1-1: Ground out 4-3 (Groundball, 4) | Batting: LHB Alberto Castellanos | 0-0: Called Strike 0-1: Ball 1-1: Ball 2-1: SINGLE (Groundball, 4MD) | Batting: RHB Guillermo González | 0-0: Ball 1-0: Ball 2-0: Ball 3-0: Base on Balls Alberto Castellanos to second | Batting: LHB Marv Gardner | 0-0: Ball 1-0: Foul Ball, location: 2F 1-1: Ball 2-1: Ball 3-1: Called Strike 3-2: Fly out, F8 (Flyball, 8RD) | Bottom of the 3rd over - 0 runs, 1 hit, 0 errors, 2 left on base; Pensacola 0 - Savannah 7 | TOP OF THE 4TH |
---|
Pensacola Pilots batting - Pitching for Savannah Hogs : LHP Martín Marino | Batting: RHB Tony Pulla | 0-0: Ball 1-0: Ball 2-0: Foul Ball, location: 2F 2-1: Ball 3-1: Fly out, F8 (Flyball, 8LM) | Batting: RHB Brandon Townsley | 0-0: Foul Ball, location: 2F 0-1: Foul Ball, location: 2F 0-2: Ball 1-2: Ball 2-2: Ground out 6-3 (Groundball, 6MS) | Batting: RHB Jesús Sánchez | 0-0: Ball 1-0: Ball 2-0: Called Strike 2-1: Ball 3-1: SINGLE (Flyball, 89S) | Batting: RHB Melvin Johnstone | 0-0: Ball 1-0: Swinging Strike 1-1: Fielders Choice at 2nd, 6-4 (Groundball, 6) | Top of the 4th over - 0 runs, 1 hit, 0 errors, 1 left on base; Pensacola 0 - Savannah 7 | BOTTOM OF THE 4TH |
---|
Savannah Hogs batting - Pitching for Pensacola Pilots : RHP Rubén Rocha | Batting: LHB António Gutiérrez | 0-0: Called Strike 0-1: Ball 1-1: SINGLE (Line Drive, 8RS) | Batting: SHB Juan Chávez | 0-0: Swinging Strike 0-1: Called Strike 0-2: Strikes out swinging | Batting: RHB Miguel Cervantes | 0-0: Ball 1-0: Ball 2-0: Swinging Strike 2-1: Foul Ball, location: 2F 2-2: Strikes out swinging | Pitching: RHP Pedro Bueno | | Batting: RHB Pedro Sandoval | 0-0: Ball 1-0: Called Strike 1-1: Swinging Strike 1-2: Ball 2-2: Ball 3-2: Base on Balls António Gutiérrez to second | Batting: RHB Rick Holman | 0-0: Ball 1-0: Called Strike 1-1: Fielders Choice at 2nd, 5-4 (Groundball, 5) | Bottom of the 4th over - 0 runs, 1 hit, 0 errors, 2 left on base; Pensacola 0 - Savannah 7 | TOP OF THE 5TH |
---|
Pensacola Pilots batting - Pitching for Savannah Hogs : LHP Martín Marino | Batting: RHB Jonny Lord | 0-0: Called Strike 0-1: Fly out, F9 (Flyball, 89S) | Batting: RHB Robert Rose | 0-0: Ball 1-0: Foul Ball, location: 2F 1-1: Ball 2-1: Fly out, F8 (Flyball, 8RD) | Batting: LHB Freddy Torres | 0-0: Called Strike 0-1: Swinging Strike 0-2: Ball 1-2: Ball 2-2: Ball 3-2: SINGLE (Groundball, 6MD) | Batting: RHB Carson Allen | 0-0: Swinging Strike 0-1: Swinging Strike 0-2: Ball 1-2: Strikes out swinging | Top of the 5th over - 0 runs, 1 hit, 0 errors, 1 left on base; Pensacola 0 - Savannah 7 | BOTTOM OF THE 5TH |
---|
Savannah Hogs batting - Pitching for Pensacola Pilots : RHP Pedro Bueno | Batting: RHB Júlio Contreras | 0-0: Ball 1-0: Ball 2-0: Ball 3-0: Called Strike 3-1: Base on Balls | Batting: LHB Alberto Castellanos | 0-0: Ball 1-0: Swinging Strike 1-1: Ball 2-1: Fly out, F4 (Line Drive, 4) | Batting: RHB Guillermo González | 0-0: Ball 1-0: Swinging Strike 1-1: Ball 2-1: Called Strike Júlio Contreras is caught stealing 2nd base 2-2: Foul Ball, location: 2F 2-2: Ball 3-2: Foul Ball, location: 2F 3-2: Strikes out swinging | Bottom of the 5th over - 0 runs, 0 hits, 0 errors, 0 left on base; Pensacola 0 - Savannah 7 | TOP OF THE 6TH |
---|
Pensacola Pilots batting - Pitching for Savannah Hogs : LHP Martín Marino | Batting: SHB Ron Winston | 0-0: Ball 1-0: Ball 2-0: Foul Ball, location: 2F 2-1: SINGLE (Groundball, 6MD) | Batting: RHB Tony Pulla | 0-0: Called Strike 0-1: Called Strike 0-2: 2-RUN HOME RUN (Flyball, 7D), Distance : 364 ft | Batting: RHB Brandon Townsley | 0-0: Called Strike 0-1: Swinging Strike 0-2: Ball 1-2: Strikes out swinging | Batting: RHB Jesús Sánchez | 0-0: Swinging Strike 0-1: Ball 1-1: SINGLE (Line Drive, 78S) | Batting: RHB Melvin Johnstone | 0-0: Called Strike 0-1: Ball 1-1: Called Strike 1-2: Ball 2-2: Foul Ball, location: 2F 2-2: Foul Ball, location: 2F 2-2: Ball 3-2: Strikes out looking | Batting: RHB Jonny Lord | 0-0: Ball 1-0: Ball Balk! Jesús Sánchez to second 2-0: Foul Ball, location: 2F 2-1: SINGLE (Groundball, 6MD) Jesús Sánchez to third Runner from 3rd tries for Home, SAFE, throw made home | Batting: RHB Robert Rose | 0-0: Called Strike 0-1: Foul Ball, location: 2F 0-2: Foul Ball, location: 2F 0-2: Ball 1-2: Fly out, F7 (Flyball, 78M) | Top of the 6th over - 3 runs, 4 hits, 0 errors, 1 left on base; Pensacola 3 - Savannah 7 | BOTTOM OF THE 6TH |
---|
Savannah Hogs batting - Pitching for Pensacola Pilots : RHP Pedro Bueno | Batting: LHB Marv Gardner | 0-0: Swinging Strike 0-1: SINGLE (Groundball, 34D) | Batting: LHB António Gutiérrez | 0-0: Called Strike 0-1: Ball 1-1: Foul Ball, location: 2F 1-2: Foul Ball, location: 2F 1-2: Foul Ball, location: 2F 1-2: Foul Ball, location: 2F 1-2: Ball 2-2: Ball 3-2: Grounds into double play, U6-3 (Groundball, 4MD) | Batting: SHB Juan Chávez | 0-0: Ball 1-0: Called Strike 1-1: Swinging Strike 1-2: Reached on error, E1 (Groundball, 13) | Batting: RHB Miguel Cervantes | 0-0: Ball 1-0: Ball 2-0: SINGLE (Flyball, 7LS) Juan Chávez to second | Batting: RHB Pedro Sandoval | 0-0: Fly out, F7 (Flyball, 7) | Bottom of the 6th over - 0 runs, 2 hits, 1 error, 2 left on base; Pensacola 3 - Savannah 7 | TOP OF THE 7TH |
---|
Pensacola Pilots batting - Pitching for Savannah Hogs : LHP Martín Marino | Pitching: LHP Ricardo Rosário | | Batting: LHB Freddy Torres | 0-0: Swinging Strike 0-1: Foul Ball, location: 2F 0-2: Foul Ball, location: 2F 0-2: Ball 1-2: Strikes out swinging | Batting: RHB Carson Allen | 0-0: Ball 1-0: Ground out 6-3 (Groundball, 6) | Batting: SHB Ron Winston | 0-0: Ball 1-0: Ball 2-0: Ball 3-0: Base on Balls | Batting: RHB Tony Pulla | Pickoff Throw to First - Error! E1 Ron Winston to second 0-0: Ball 1-0: Ball 2-0: Swinging Strike 2-1: Called Strike 2-2: Ball 3-2: Strikes out swinging | Top of the 7th over - 0 runs, 0 hits, 1 error, 1 left on base; Pensacola 3 - Savannah 7 | BOTTOM OF THE 7TH |
---|
Savannah Hogs batting - Pitching for Pensacola Pilots : RHP Pedro Bueno | Batting: RHB Rick Holman | 0-0: Ball 1-0: Ball 2-0: Swinging Strike 2-1: Ball 3-1: Base on Balls | Batting: RHB Júlio Contreras | 0-0: Called Strike 0-1: Sac Bunt - play at first, batter OUT! 2-3 Rick Holman to second | Batting: LHB Alberto Castellanos | 0-0: Intentional Walk | Pitching: LHP Mario Lugo | | Batting: RHB Guillermo González | 0-0: Ball Rick Holman steals 3rd base 1-0: Called Strike 1-1: Called Strike 1-2: Foul Ball, location: 2F 1-2: Ball Alberto Castellanos is caught stealing 2nd base 2-2: Hit by Pitch | Batting: LHB Marv Gardner | 0-0: Ball 1-0: Ball 2-0: Ball 3-0: Called Strike 3-1: Called Strike 3-2: Base on Balls Guillermo González to second | Batting: LHB António Gutiérrez | 0-0: Called Strike 0-1: Fly out, F9 (Flyball, 9S) | Bottom of the 7th over - 0 runs, 0 hits, 0 errors, 3 left on base; Pensacola 3 - Savannah 7 | TOP OF THE 8TH |
---|
Pensacola Pilots batting - Pitching for Savannah Hogs : LHP Ricardo Rosário | Batting: RHB Brandon Townsley | 0-0: Fly out, F9 (Flyball, 89S) | Batting: RHB Jesús Sánchez | 0-0: Swinging Strike 0-1: Foul Ball, location: 2F 0-2: Ball 1-2: Strikes out swinging, 2-3 out at first. | Batting: RHB Melvin Johnstone | 0-0: Ball 1-0: Foul Ball, location: 2F 1-1: SINGLE (Line Drive, 78S) | Batting: RHB Jonny Lord | 0-0: Called Strike Pickoff Throw to First - Error! E1 Melvin Johnstone to second 0-1: Ball 1-1: Swinging Strike 1-2: Ball 2-2: Ball 3-2: Ground out 6-3 (Groundball, 6) | Top of the 8th over - 0 runs, 1 hit, 1 error, 1 left on base; Pensacola 3 - Savannah 7 | BOTTOM OF THE 8TH |
---|
Savannah Hogs batting - Pitching for Pensacola Pilots : LHP Mario Lugo | Batting: SHB Juan Chávez | 0-0: Called Strike 0-1: Ball 1-1: Ball 2-1: Ball 3-1: Ground out 4-3 (Groundball, 4) | Batting: RHB Miguel Cervantes | 0-0: Ball 1-0: Ball 2-0: Ball 3-0: Called Strike 3-1: Base on Balls | Batting: RHB Pedro Sandoval | 0-0: Fly out, F6 (Line Drive, 6) | Batting: RHB Rick Holman | 0-0: Called Strike 0-1: Foul Ball, location: 2F 0-2: Ball 1-2: Ball 2-2: Strikes out swinging | Bottom of the 8th over - 0 runs, 0 hits, 0 errors, 1 left on base; Pensacola 3 - Savannah 7 | TOP OF THE 9TH |
---|
Pensacola Pilots batting - Pitching for Savannah Hogs : LHP Ricardo Rosário | Batting: RHB Robert Rose | 0-0: Ball 1-0: Foul Ball, location: 2F 1-1: Ball 2-1: Foul Ball, location: 2F 2-2: Ball 3-2: Foul Ball, location: 2F 3-2: Ground out 5-3 (Groundball, 25) | Batting: LHB Freddy Torres | 0-0: Called Strike 0-1: Fly out, F7 (Flyball, 7S) | Batting: RHB Carson Allen | 0-0: Ball 1-0: Fly out, F8 (Flyball, 8LM) | Top of the 9th over - 0 runs, 0 hits, 0 errors, 0 left on base; Pensacola 3 - Savannah 7 | |